 Dungeon Crawl Stone Soup version 0.28-a0-500-g121bc3e445 (webtiles) character file.

Game seed: 11025862329616012396

749 speeev33 the Poker (level 7, -1/63 HPs)
             Began as a Minotaur Gladiator on Sept 19, 2021.
             Slain by a phantom (3 damage)
             ... on level 5 of the Dungeon.
             The game lasted 00:05:27 (3962 turns).

speeev33 the Poker (Minotaur Gladiator)             Turns: 3962, Time: 00:05:27

Health: -1/63      AC:  8    Str: 20    XL:     7   Next: 48%
Magic:  6/6        EV:  8    Int:  5    God:
Gold:   145        SH:  5    Dex: 12    Spells: 6/6 levels left

rFire   . . .      SeeInvis .   s - +0 scythe
rCold   . . .      Faith    .   (shield currently unavailable)
rNeg    + . .      Spirit   .   h - +0 chain mail
rPois   .          Reflect  +   c - +0 hat
rElec   .          Harm     .   (no cloak)
rCorr   +          Rampage  .   (no gloves)
Will    .....                   (no boots)
Stlth   ..........              t - amulet of reflection
HPRegen 0.20/turn               l - ring of resist corrosion
MPRegen 0.10/turn               m - ring of positive energy

@: mighty, lethally poisoned (-1 -> -2)
A: horns 2, retaliatory headbutt
a: no special abilities


You were on level 5 of the Dungeon.
You visited 1 branch of the dungeon, and saw 5 of its levels.

You collected 145 gold pieces.

Inventory:

Hand Weapons
 s - a +0 scythe (weapon)
Missiles
 j - 6 boomerangs (quivered)
 r - 16 poisoned darts
Armour
 c - a +0 hat (worn)
 h - a +0 chain mail (worn)
Jewellery
 l - a ring of resist corrosion (left hand)
 m - a ring of positive energy (right hand)
 t - an amulet of reflection (around neck)
Wands
 p - a wand of digging (4)
Scrolls
 b - a scroll of enchant armour {unknown}
 f - a scroll of blinking
 o - a scroll of teleportation {unknown}
 u - a scroll of fog
Potions
 a - a potion of lignification {unknown}
 e - a potion of brilliance {unknown}
 g - 2 potions of might
 i - a potion of heal wounds {unknown}
 k - 3 potions of haste
 n - a potion of flight {unknown}
 q - 3 potions of curing {unknown}


   Skills:
 + Level 6.2 Fighting
 + Level 6.8 Polearms
 + Level 5.1 Throwing
 - Level 3.2 Dodging


You had 6 spell levels left.
You didn't know any spells.
Your spell library contained the following spells:

 Spells                   Type           Power      Damage    Failure   Level
 Sandblast                Erth           0%         2d4       100%        1
 Passwall                 Tmut/Erth      0%         N/A       100%        2
 Slow                     Hex            0%         N/A       100%        2
 Confusing Touch          Hex            0%         N/A       100%        3
 Stone Arrow              Conj/Erth      0%         3d7       100%        3
 Yara's Violent Unravell  Hex/Tmut       0%         3d3       100%        5


Dungeon Overview and Level Annotations

Branches:
Dungeon (5/15)
 Temple: D:4-7

Altars:
Fedhas

Shops:
D:3 ?


Innate Abilities, Weirdness & Mutations

You have a pair of horns on your head.
You reflexively headbutt those who attack you in melee.


Message History

You headbutt the adder, but do no damage.
You block Edmund's attack. The phantom hits you. The adder bites you.
* * * LOW HITPOINT WARNING * * *
Edmund closely misses you. The phantom closely misses you.
You barely miss Edmund. You headbutt Edmund.
You kill Edmund!
The adder bites you.
* * * LOW HITPOINT WARNING * * *
You are poisoned.
The adder poisons you! You block the adder's attack.
The phantom barely misses you.
Your Throwing skill increases to level 5!
You barely miss the adder.
You feel sick. The adder barely misses you. The phantom barely misses you.
The adder closely misses you.
The phantom hits you but does no damage.
The adder bites you.
* * * LOW HITPOINT WARNING * * *
You are more poisoned.
The adder poisons you!
You miss the adder.
You feel very sick. The adder closely misses you.
The phantom hits you but does no damage.
The adder barely misses you. The phantom hits you.
* * * LOW HITPOINT WARNING * * *
The phantom blinks!
You blink.
* * * LOW HITPOINT WARNING * * *
You feel sick.
* * * LOW HITPOINT WARNING * * *
You feel sick.
Unknown command.
* * * LOW HITPOINT WARNING * * *
You feel sick.
* * * LOW HITPOINT WARNING * * *
You feel sick.
It was a potion of might.
You feel very mighty all of a sudden.
* * * LOW HITPOINT WARNING * * *
You feel sick. The phantom hits you.
You die...

...#........)..#..##
................##..#
.###.#......![..#..##
#..#.....$........#
#..................#
....#..............##
....#.##......S...##...
# ###.##....W.........
# #<...@.........
#.................
#.................
+.......>.....#...
#...........#####.
#...........#
#....##...!..
#..........###


You could see a phantom and an adder.

Vanquished Creatures
  Sigmund (D:3)
  Edmund (D:5)
  2 necrophages (D:4)
  A hound (D:4)
  A jelly (D:4)
  2 orc priests (D:4)
  A bullfrog skeleton (D:4)
  An iguana (D:4)
  Ijyb (D:3)
  7 adders
  A worm (D:2)
  2 dart slugs
  3 orcs
  7 bats
  An endoplasm (D:2)
  4 giant cockroaches
  6 goblins
  3 hobgoblins
  2 jackals (D:2)
  3 quokkas
  4 ball pythons
  7 kobolds
  8 rats
69 creatures vanquished.

Notes
Turn   | Place    | Note
-------+----------+-------------------------------------------
     0 | D:1      | speeev33 the Minotaur Gladiator began the quest for the
                  | Orb.
     0 | D:1      | Reached XP level 1. HP: 18/18 MP: 0/0
   348 | D:1      | Reached XP level 2. HP: 25/25 MP: 1/1
   351 | D:1      | Found a faded altar of an unknown god.
   966 | D:2      | Reached XP level 3. HP: 21/31 MP: 2/2
  1625 | D:2      | Reached XP level 4. HP: 36/39 MP: 3/3
  1817 | D:3      | Found a blossoming altar of Fedhas.
  1889 | D:3      | Found Jeuwk's Magic Scroll Shoppe.
  2052 | D:3      | Noticed Ijyb
  2061 | D:3      | Killed Ijyb
  2290 | D:3      | Noticed Sigmund
  2655 | D:3      | Killed Sigmund
  2656 | D:3      | Reached skill level 5 in Polearms
  2656 | D:3      | Reached XP level 5. HP: 12/47 MP: 4/4
  2656 | D:3      | Reached XP level 6. HP: 14/55 MP: 5/5
  2999 | D:4      | Reached skill level 5 in Fighting
  3436 | D:4      | Reached XP level 7. HP: 54/62 MP: 6/6
  3931 | D:5      | Entered Level 5 of the Dungeon
  3931 | D:5      | Noticed Edmund
  3955 | D:5      | Killed Edmund
  3956 | D:5      | Reached skill level 5 in Throwing
  3961 | D:5      | HP: 3/63 [poisoned by an adder]
  3962 | D:5      | Slain by a phantom

Illustrated notes

Levels and vault maps discovered:
D:1:      dpeg_arrival_pond, layout_basic, dreamdust_ecumenical_altar_statues,
          kennysheep_decorative_pillar
D:2:      layout_rooms
D:3:      layout_basic, fedhas_altar_1, serial_shops, shop_statue, uniq_sigmund,
          uniq_ijyb
D:4:      layout_basic, supply_closet_lemuel
D:5:      layout_cave_pools, kennysheep_generic_room_8, uniq_edmund

Skill      XL: |  1  2  3  4  5  6  7 |
---------------+----------------------+-----
Polearms       | 4 5 6 |  6.8
Fighting       | 3 4 5 6 |  6.2
Throwing       | 3 4 5 |  5.1
Dodging        | |  3.2

Action                   |  1- 3 |  4- 6 |  7- 9 || total
-------------------------+-------+-------+-------++-------
Melee: Trident           |   100 |    50 |       ||   150
       Headbutt          |    12 |    10 |    10 ||    32
       Scythe            |       |    34 |    30 ||    64
Throw: Throwing net      |       |     3 |     2 ||     5
  Use: Scroll            |     3 |     1 |       ||     4
       Potion            |       |       |     1 ||     1
 Stab: Held in net/web   |       |       |     1 ||     1
Armor: Leather armour    |    13 |       |       ||    13
       Chain mail        |    15 |    48 |    22 ||    85
Dodge: Dodged            |    32 |    31 |    23 ||    86
Block: Other             |       |     3 |    11 ||    14
       Reflection        |       |       |     1 ||     1

Table legend: (Time is in decaauts)
 A = Elapsed time spent in this place.
 B = Non-inter-level travel time spent in this place.
 C = Inter-level travel time spent in this place.
 D = Time resting spent in this place.
 E = Time spent auto-exploring this place.
 F = Levels seen in this place.
 G = Mean time per level.
                   A        B        C        D        E       F      G
               +--------+--------+--------+--------+--------+-----+--------+
         Total |   4019 |   3866 |    153 |    551 |   2701 |   5 |  803.8 |
       Dungeon |   4019 |   3866 |    153 |    551 |   2701 |   5 |  803.8 |
               +--------+--------+--------+--------+--------+-----+--------+

Top non-repeatable levels by time:
     D:3: 1125 daAuts
     D:1: 1116 daAuts
     D:4: 1022 daAuts
     D:2: 713 daAuts
     D:5: 42 daAuts
